 Dungeon Crawl Stone Soup version 0.31.0-9-g3a7656b989 (webtiles) character file.

Game seed: 7954996260141835482

4 qw the Shooter (level 1, 0/12 HPs)
             Began as a Deep Elf Hunter on Feb 2, 2024.
             Slain by a jackal (2 damage)
             ... on level 1 of the Dungeon.
             The game lasted 00:00:00 (113 turns).

qw the Shooter (Deep Elf Hunter)                     Turns: 113, Time: 00:00:00

Health: 0/12       AC:  3    Str:  8    XL:     1   Next: 50%
Magic:  3/3        EV: 12    Int: 13    God:
Gold:   0          SH:  0    Dex: 18    Spells: 0/0 levels left

rFire   . . .        a - +0 shortbow
rCold   . . .        (shield currently unavailable)
rNeg    . . .        c - +0 leather armour
rPois   .            (no helmet)
rElec   .            (no cloak)
rCorr   .            (no gloves)
SInv    .            (no boots)
Will    .....        (no amulet)
Stlth   ++           (no ring)
HPRegen 0.22/turn    (no ring)
MPRegen 0.08/turn

%: no passive effects
@: no status effects
A: no striking features
a: no special abilities


You were on level 1 of the Dungeon.
You visited 1 branch of the dungeon, and saw 1 of its levels.


   Skills:
 - Level 1.5 Fighting
 + Level 5.6 Ranged Weapons
 - Level 2.4 Dodging
 - Level 1.2 Stealth


You couldn't memorise any spells.
You didn't know any spells.
Your spell library was empty.

Inventory:

Hand Weapons
 a - a +0 shortbow (weapon)
Armour
 c - a +0 leather armour (worn)
Scrolls
 b - a scroll of butterflies
Potions
 d - a potion of heal wounds {unknown}

Dungeon Overview and Level Annotations

Branches:
Dungeon (1/15)

Altars:


Message History

A bat comes into view.
A jackal comes into view.
You shoot an arrow. The arrow hits the hobgoblin.
You kill the hobgoblin!
A jackal comes into view.
You shoot an arrow. The arrow barely misses the bat.
The jackal barks!
You hear a shout!
The bat hits you but does no damage. The bat closely misses you.
A jackal comes into view.
You shoot an arrow. The arrow barely misses the bat.
The bat misses you.
You shoot an arrow. The arrow closely misses the bat.
The bat barely misses you. The bat hits you.
You shoot an arrow. The arrow barely misses the bat.
The bat hits you but does no damage. The bat closely misses you. x2
You shoot an arrow. The arrow hits the bat.
You kill the bat!
You shoot an arrow. The arrow closely misses the jackal.
The jackal closely misses you.
The jackal bites you but does no damage.
The jackal bites you. x2
You shoot an arrow. The arrow closely misses the jackal.
The jackal misses you. The jackal bites you.
You shoot an arrow. The arrow barely misses the jackal.
The jackal misses you. The jackal closely misses you. The jackal bites you.
The jackal barely misses you.
You shoot an arrow. The arrow hits the jackal.
The jackal is moderately wounded.
The jackal bites you but does no damage.
The jackal bites you. x2; The jackal barely misses you.
You shoot an arrow. The arrow hits the jackal.
You kill the jackal!
The jackal barely misses you. The jackal bites you.
You shoot an arrow. The arrow hits the jackal.
The jackal is heavily wounded.
The jackal bites you.
A hobgoblin comes into view.
The jackal bites you but does no damage.
The jackal bites you.
You die...

##~~~P...P~~
##~..P.~...
#.#P....P..
#~#.......~
#~~.......~ g.
##.P.~.....
....#####
###.......
....$.hh###
#####.....PP
#@..###.........##
#...##..##......##
#......#####.....#
#...#### ###....
#...## ###..
####.# #... #.##
#.## #####..#
###.# #......#
#...#


You could see 2 jackals and a hobgoblin.

Vanquished Creatures
  A bat (D:1)
  A hobgoblin (D:1)
  A jackal (D:1)
3 creatures vanquished.

Notes
Turn   | Place    | Note
-------+----------+-------------------------------------------
     0 | D:1      | qw the Deep Elf Hunter began the quest for the Orb.
     0 | D:1      | Reached XP level 1. HP: 12/12 MP: 3/3
     0 | D:1      | 0 ||| qw: Version: 0.3-a-155-g5e7d8dd
     0 | D:1      | 0 ||| qw: Game counter: 1961
     0 | D:1      | 0 ||| qw: Melee chars always use a shield: true
     0 | D:1      | 0 ||| qw: God list: Okawaru
     0 | D:1      | 0 ||| qw: Allow faded altars: false
     0 | D:1      | 0 ||| qw: Do Orc after clearing Dungeon:15 true
     0 | D:1      | 0 ||| qw: Do second Lair branch before Depths: true
     0 | D:1      | 0 ||| qw: Lair rune preference: random
     0 | D:1      | 0 ||| qw: Goals: Normal
     0 | D:1      | 0 ||| PLANNING D:1-11
    35 | D:1      | Found a faded altar of an unknown god.
   112 | D:1      | HP: 3/12 [jackal (1)]
   113 | D:1      | Slain by a jackal

Levels and vault maps discovered:
D:1:      lemuel_arrival_muddy, layout_rooms, hellmonk_ecumenical_altar_run_dry,
          serial_shops, shop, dk_noncrumbling_2

Action                     || total
---------------------------++-------
   Fire: Shortbow          ||    13
 Armour: Leather armour    ||    15
  Dodge: Dodged            ||    12

Table legend:
 A = Non-vault XP
 B = Vault XP
 C = Vault XP percentage of total XP
 D = Non-vault monster count
 E = Vault monster count
 F = Vault count percentage of total count
                 A         B        C        D         E       F
            +---------+---------+-------+---------+---------+-------
      Total |       6 |       0 |   0.0 |       3 |       0 |   0.0
            +---------+---------+-------+---------+---------+-------
        D:1 |       6 |       0 |   0.0 |       3 |       0 |   0.0
            +---------+---------+-------+---------+---------+-------
